Map: Washout LE

Players

Beardedsayin - Winner!

  • Race: Terran Terran
  • League: Diamond

evilbrood

  • Race: Zerg Zerg
  • League: Diamond

VOD

Have the link to the VOD?

Description

Time

  • Played on: Sept. 10, 2026, 10:55 p.m.
  • Length: 8:18
Show
View Real Time Build Order
Export as new Build Order

Beardedsayin Terran - Winner!

Build Orders: Reaper Expand 

Get SALT Encoding   

  8  0:00  SCV  
  9  0:12  SCV  
  10  0:24  SCV  
  11  0:28  Supply Depot  
  11  0:36  SCV  
  11  0:42  Refinery  
  12  0:57  Barracks  
  12  1:02  SCV  
  13  1:14  SCV  
  14  1:26  SCV  
  16  1:47  Reaper  
  16  1:48  Orbital Command  
  16  2:09  Command Center  
  16  2:20  SCV  
  17  2:34  Factory  
  17  2:36  Marine  
  18  2:39  Supply Depot  
  18  2:40  SCV  
  19  2:44  Refinery  
  19  2:52  SCV  
  19  2:57  Marine  
  21  3:05  SCV  
  22  3:15  Marine  
  22  3:17  SCV  
  24  3:25  Orbital Command  
  24  3:29  Starport  
  25  3:37  Supply Depot  
  25  3:38  Factory Tech Lab  
  23  3:44  SCV  
  23  3:47  Marine  
  25  3:57  Widow Mine  
  27  4:05  Marine, Liberator  
  31  4:34  Supply Depot  
  24  4:39  Marine  
  24  4:41  Hellion  
  10  4:57  Marine  
  11  5:02  SCV, Widow Mine  
  14  5:10  SCV  
  14  5:13  Starport Tech Lab  
  15  5:28  Cyclone  
  18  5:35  SCV  
  19  5:38  SCV  
  20  5:47  SCV  
  21  5:50  SCV  
  22  5:59  SCV  
  22  6:02  SCV  
  22  6:11  SCV  
  22  6:14  SCV  
  24  6:23  SCV  
  24  6:25  Cyclone  
  28  6:26  SCV  
  29  6:38  Liberator  
  32  6:43  SCV  
  33  6:50  Marine  
  33  6:51  SCV  
  35  7:02  Cyclone  
  38  7:16  SCV x2  
  40  7:24  Orbital Command  
  40  7:28  SCV  
  40  7:29  Viking  
  43  7:34  Cyclone  
  46  7:39  Marine  
  46  7:41  SCV  
  48  7:50  Orbital Command  
  46  7:53  SCV  
  46  7:57  Marine  
Show
View Real Time Build Order
Export as new Build Order

evilbrood Zerg 

Build Orders: 1 Base Baneling Bust, Pool First 

Get SALT Encoding   

  8  0:00  Drone  
  9  0:10  Drone  
  10  0:16  Drone  
  11  0:21  Drone  
  12  0:30  Extractor, Drone  
  12  0:37  Extractor  
  12  0:38  Drone  
  13  0:56  Spawning Pool  
  12  1:02  Extractor  
  12  1:03  Drone  
  13  1:11  Overlord  
  13  1:29  Drone  
  13  1:30  Drone x2  
  16  1:42  Queen  
  18  1:54  Metabolic Boost  
  18  1:58  Overlord  
  18  2:06  Overlord  
  18  2:11  Zergling x2  
  18  2:13  Zergling x2  
  20  2:27  Zergling x2  
  22  2:30  Zergling x2  
  22  2:41  Zergling x2  
  22  2:42  Baneling Nest  
  22  3:00  Zergling x8  
  26  3:10  Zergling x2  
  27  3:22  Zergling x2  
  27  3:24  Zergling x2  
  27  3:26  Zergling x2  
  27  3:27  Zergling x2  
  31  3:36  Zergling x2  
  31  3:41  Zergling x2  
  33  3:51  Baneling  
  33  3:52  Baneling x5  
  33  4:03  Baneling  
  33  4:20  Zergling x8  
  32  4:36  Zergling x2  
  29  4:43  Drone  
  27  4:52  Hatchery  
  23  4:58  Drone x2  
  24  5:06  Zergling x2  
  25  5:20  Lair  
  25  5:21  Drone  
  25  5:33  Zergling x2  
  25  5:35  Zergling x2  
  27  5:36  Zergling x4  
  29  5:48  Zergling x4  
  31  5:51  Baneling x3  
  31  6:03  Drone  
  32  6:08  Drone x2  
  27  6:41  Spore Crawler  
  25  7:15  Spore Crawler  
  24  7:36  Baneling x3  
  24  7:40  Hatchery  
  22  8:00  Drone x2  
  22  8:04  Drone  
Tags
 
Add a new tag
Caveats
  • Supply blocks, unpowered buildings, or Contaminate may cause inaccurate times.
  • Supply counts are checked every 10 seconds.